 Dungeon Crawl Stone Soup version 0.21.1-1-g345015fe64 (webtiles) character file.

427665 Jannitor the Slayer (level 23, 0/218 (221) HPs)
             Began as a Hill Orc Enchanter on June 11, 2018.
             Was a High Priest of Beogh.
             Killed by a guardian mummy's death curse (15 damage)
             ... on level 3 of the Crypt.
             The game lasted 03:19:11 (84534 turns).

Jannitor the Slayer (Hill Orc Enchanter)           Turns: 84534, Time: 03:19:18

HP:   0/218 (221)   AC: 38    Str: 22    XL:     23   Next: 84%
MP:   27/36         EV: 12    Int: 20    God:    Beogh [*****.]
Gold: 2267          SH: 20    Dex: 15    Spells: 24/27 levels left

rFire    + + .     SeeInvis .   o - +8 eveningstar of Innocence {protect, rF+}
rCold    + + .     Gourm    .   e - +5 shield {AC+3}
rNeg     . . .     Faith    .   V - +4 plate armour {rPois}
rPois    +         Spirit   .   C - +2 hat {Int+3}
rElec    +         Reflect  .   s - +2 cloak {rC+}
rCorr    +         Harm     +   Y - +2 pair of gloves {Str+3}
MR       +++..                  Z - +2 pair of boots {run}
Stlth    ..........             q - amulet of Ziadiuc {Harm *Drain MR+}
HPRegen  0.46/turn              F - ring of Osuozxah {rCorr rElec rC+ MR+ Int+2}
MPRegen  0.25/turn              n - ring of protection from fire

@: very slightly contaminated, slowed, studying Fighting, drained, very slow
A: walk on water, antennae 1, agile 2, weak 1
}: 2/15 runes: serpentine, barnacled
a: Smiting, Recall Orcish Followers, Give Item to Named Follower, Renounce
Religion


You were on level 3 of the Crypt.
You worshipped Beogh.
Beogh was extremely pleased with you.
You were hungry.

You visited 8 branches of the dungeon, and saw 41 of its levels.
You also visited: Labyrinth, Ossuary, Ice Cave and Volcano.

You collected 4434 gold pieces.
You spent 2167 gold pieces at shops.

Inventory:

Hand Weapons
 o - the +8 eveningstar of Innocence (weapon) {protect, rF+}
   (You found it in a labyrinth)

   It protects the one who uses it against injury (+AC on strike).
   It protects you from fire.
 E - a +2 demon trident of freezing
 M - a +2 eveningstar of draining
 S - a +4 demon whip of slashing
Armour
 e - a +5 shield of protection (worn)
 l - a +0 shield of poison resistance
 s - a +2 cloak of cold resistance (worn)
 C - a +2 hat of intelligence (worn)
 H - the cursed +0 pair of boots "Nanay" {rPois rF+}
   (You found it on level 3 of the Elven Halls)

   It protects you from fire.
   It protects you from poison.
   It has a curse placed upon it.
 V - a +4 plate armour of poison resistance (worn)
 W - a scarf of repulsion
 Y - a +2 pair of gloves of strength (worn)
 Z - a +2 pair of boots of running (worn)
Jewellery
 n - a ring of protection from fire (right hand)
 q - the amulet of Ziadiuc (around neck) {Harm *Drain MR+}
   (You took it off a minotaur on level 12 of the Dungeon)

   [amulet of harm]

   It increases damage dealt and taken.
   It affects your resistance to hostile enchantments.
   It causes draining when unequipped.
 F - the ring of Osuozxah (left hand) {rCorr rElec rC+ MR+ Int+2}
   (You took it off a deep elf mage on level 9 of the Dungeon)

   [ring of resist corrosion]

   It affects your intelligence (+2).
   It protects you from cold.
   It insulates you from electricity.
   It affects your resistance to hostile enchantments.
 G - the ring "Nuonah" {*Tele *Corrode +Inv +Fly rC++, unknown}
   (You took it off a merfolk siren on level 4 of the Shoals)

   [ring of teleportation]

   It may teleport you next to monsters.
   It greatly protects you from cold.
   It lets you turn invisible.
   It lets you fly.
   It may corrode you when you take damage.
 P - a +4 amulet of reflection
Wands
 a - a wand of iceblast (55)
 j - a wand of enslavement (12)
 k - a wand of flame (201)
 p - a wand of acid (11)
 v - a wand of disintegration (25)
 y - a wand of digging (5)
 D - a wand of paralysis (35)
Scrolls
 b - 3 scrolls of enchant weapon
 c - 2 scrolls of blinking
 f - 5 scrolls of fear
 g - 12 scrolls of teleportation
 m - 2 scrolls of fog
 r - 19 scrolls of identify
 B - 17 scrolls of remove curse
 J - 5 scrolls of enchant armour
 O - 2 scrolls of summoning
 U - 8 scrolls of magic mapping
Potions
 h - 2 potions of berserk rage
 t - 5 potions of magic
 u - 2 potions of resistance
 z - a potion of mutation
 I - 3 potions of brilliance
 K - a potion of might
 L - 3 potions of curing
 N - 8 potions of flight
 R - 2 potions of cancellation
 X - 5 potions of haste
Books
 i - a manual of Fighting
Miscellaneous
 x - 2 sacks of spiders
 A - a phantom mirror
 Q - a lamp of fire
Comestibles
 d - 18 rations


   Skills:
 + Level 21.4(19.9) Fighting
   Level 1.0(0.0) Short Blades
 - Level 16.0(14.5) Maces & Flails
 + Level 19.3(17.8) Armour
 + Level 10.4(9.1) Dodging
 - Level 2.4(1.4) Stealth
 - Level 18.8(17.3) Shields
 + Level 2.9(1.9) Spellcasting
 - Level 3.0(1.9) Hexes
 - Level 6.8(5.7) Translocations
 + Level 19.5(18.0) Invocations
 - Level 9.3(8.1) Evocations


You had 24 spell levels left.
You knew the following spells:

 Your Spells              Type           Power        Failure   Level  Hunger
a - Corona                Hex            #......      47%         1    #......
b - Blink                 Tloc           N/A          17%         2    ###....


Dungeon Overview and Level Annotations

Branches:
Dungeon (15/15)            Temple (0/1) D:6            Lair (6/6) D:11
 Shoals (4/4) Lair:3        Snake (4/4) Lair:3        Slime (0/5) Lair:5
    Orc (2/2) D:9             Elf (3/3) Orc:2        Vaults (4/5) D:13
  Crypt (3/3) Vaults:3     Depths (0/5) D:15
   Tomb: Crypt:3

Altars:
Fedhas
Hepliaklqana
Nemelex Xobeh
Okawaru
Qazlal
Sif Muna
Trog
Wu Jian
Xom
Yredelemnul
Zin
Beogh

Shops:
D:10 =   Orc:2 [(%%   Elf:1 }==   Elf:3 (   Snake:1 ![*%   Vaults:1 *
Vaults:2 *

Annotations:
Lair:3 exclusion: 2 oklob plants
Orc:2 exclusion: 4 doors
Elf:1 exclusions: 3 doors and orange crystal statue
Elf:2 exclusion: 2 doors
Vaults:1 exclusion: 2 doors
Vaults:3 exclusion: door


Innate Abilities, Weirdness & Mutations

You can walk on water.
You have a pair of small antennae on your head.
You are very agile. (Dex +4)
You are weak. (Str -2)


Message History

You smite the mummy priest!
You destroy the mummy priest!
Beogh accepts your kill.
Beogh appreciates your killing of a heretic priest.
You feel extremely nervous for a moment...
You are engulfed in negative energy!
You feel drained.
The jiangshi disappears in a puff of smoke!
Reactivating autopickup.
The flayed ghost disappears in a puff of smoke!
You can no longer revive fallen orcs.
Unknown command.
Unknown command.
The guardian mummy hits Koronagh.
Koronagh hits the guardian mummy with a +6 trishula of holy wrath!!
The guardian mummy convulses!!
The guardian mummy is destroyed!
Beogh accepts your kill.
You feel extremely nervous for a moment...
Pain shoots through your body!
You die...

## { ##....#
#.#####+++#####.#.8.8.#
#......!...@....#......##
#..8...§.§oo.8..#.......##
#...............#........#
#..8.........8..#........##
#....(....).$.##.........#
#.8.....)...8.#..........#
#....#'''#....#........#'##
#...##...##...#.8...8.##..#
#..##.....##..#....o..##{.#


You could see the friendly Koronagh the orc warlord and the friendly Morbeogh
the orc warlord.

Vanquished Creatures
  Mennas (Crypt:1)
  Mara (Shoals:3)
  Sojobo (Crypt:1)
  Bai Suzhen (Crypt:1)
  Vashnia (Snake:2)
  Nikola (Shoals:4)
  A lich (Crypt:3)
  A deep elf blademaster (Elf:3)
  Asterion (Snake:1)
  A kraken (Shoals:3)
  Polyphemus (Shoals:2)
  Frances (D:12)
  Donald (Lair:3)
  A revenant (Crypt:2)
  8 nagarajas
  3 tengu reavers
  7 vault wardens
  5 deep elf sorcerers
  Ilsuiw (Shoals:4)
  A curse skull (Crypt:2)
  Aizul (Snake:1)
  2 deep elf elementalists (Elf:3)
  3 very ugly things
  4 deep elf demonologists (Elf:3)
  10 ironheart preservers
  2 stone giants
  2 entropy weavers (Vaults:4)
  3 vampire knights
  5 deep elf annihilators (Elf:3)
  6 deep elf death magi
  A minotaur (D:12)
  An ettin (D:13)
  4 merfolk javelineers
  Josephine (D:14)
  5 deep elf high priests (Elf:3)
  2 mummy priests (Crypt:3)
  10 jiangshi
  3 great orbs of eyes
  11 merfolk impalers
  4 vault guards
  The ghost of Kohma the Covert, a journeyman VSAs of Dithmenos (Elf:1)
  Fannar (Lair:3)
  An alligator snapping turtle (Shoals:3)
  5 yaktaur captains
  6 hydras
  15 naga warriors
  20 anacondas
  A satyr (Shoals:4)
  10 merfolk avatars
  7 centaur warriors
  18 two-headed ogres
  7 ogre magi
  22 dancing weapons
  2 deep troll shamans
  3 death knights
  7 merfolk aquamancers
  4 deep troll earth magi
  3 death yaks (Shoals:2)
  4 vampire magi
  10 naga sharpshooters
  10 shock serpents
  22 deep elf knights
  A hell knight (Volcano)
  3 orc high priests (Orc:2)
  Sonja (D:13)
  5 shadow wraiths
  16 skeletal warriors
  An entropy weaver zombie (Crypt:1)
  2 deep trolls
  6 wizards
  2 unseen horrors (Vaults:1)
  3 glowing orange brains
  4 salamander mystics
  13 sea snakes
  5 naga ritualists
  Pikel (D:7)
  4 orc knights
  5 flayed ghosts
  6 deep elf archers
  3 lindwurms (Snake:4)
  8 ironbrand convokers
  2 necromancers
  A harpy (shapeshifter) (D:13)
  2 orb spiders (shapeshifter)
  2 wolf spider zombies
  6 phantasmal warriors
  16 harpies
  6 orc sorcerers
  47 deep elf magi
  13 mana vipers
  3 wolf spiders
  11 salamanders
  8 cyclopes
  An oklob plant (Lair:3)
  3 fauns (Shoals:1)
  18 ugly things
  A cyclops (shapeshifter) (D:9)
  19 manticores
  Maurice (D:13)
  10 guardian serpents
  11 merfolk sirens
  2 elephants (Lair:6)
  7 vault sentinels
  35 naga magi
  2 ice statues (IceCv)
  33 black mambas
  A smoke demon (Volcano)
  4 molten gargoyles (Elf:1)
  5 water nymphs
  A gargoyle (D:9)
  10 spiny frogs
  A purple draconian zombie (Crypt:1)
  3 rime drakes
  A rime drake (shapeshifter) (Vaults:1)
  6 komodo dragons
  6 freezing wraiths
  11 yaktaurs
  5 ice devils (IceCv)
  3 tengu conjurers
  A red devil (Volcano)
  A meliai (D:13)
  24 merfolk
  4 polar bears
  4 wind drakes
  9 trolls
  9 slime creatures
  9 snapping turtles
  3 hornets
  11 blink frogs
  12 dream sheep
  A harpy skeleton (Crypt:3)
  A raiju (shapeshifter) (Vaults:4)
  A hippogriff (shapeshifter) (Vaults:2)
  A stone giant simulacrum (Vaults:1)
  13 hippogriffs
  11 redbacks
  2 shadows
  A redback (shapeshifter) (Vaults:4)
  11 water elementals
  4 vampires
  8 wraiths
  5 wyverns
  19 flying skulls (Crypt:3)
  33 yaks
  2 basilisks
  9 fire bats
  3 fire elementals
  A steam dragon (D:8)
  A hungry ghost (D:10)
  A yaktaur simulacrum (Vaults:2)
  3 vampire mosquitoes (D:15)
  2 wargs
  37 nagas
  A water moccasin (shapeshifter) (Vaults:1)
  3 acid dragons
  A spiny frog zombie (Crypt:3)
  17 water moccasins
  A deep troll skeleton (Vaults:1)
  A soldier ant (D:12)
  13 porcupines
  2 slaves (D:6)
  10 orc warriors
  A phantom (D:7)
  5 ice beasts
  A black bear (D:11)
  3 sky beasts
  9 wolves
  34 ogres
  4 necrophages
  7 boggarts
  14 centaurs
  A dream sheep skeleton (Crypt:1)
  10 crocodiles
  A big kobold (D:10)
  A yaktaur zombie (Vaults:1)
  3 earth elementals
  21 bullfrogs
  2 wyvern zombies
  A gnoll sergeant (D:10)
  A yaktaur skeleton (Vaults:1)
  11 scorpions
  6 killer bees
  6 howler monkeys
  A spriggan skeleton (Crypt:1)
  6 electric eels
  3 crimson imps
  5 lava snakes
  9 centaur zombies
  A soldier ant zombie (Crypt:2)
  3 bullfrog zombies
  9 hounds
  7 orc priests
  3 centaur skeletons
  A human zombie (Ossuary)
  2 bullfrog skeletons
  2 gnoll shamans
  16 orc wizards
  An iguana (D:9)
  8 worker ants
  5 hell rats (Lair:4)
  3 big kobold zombies (Ossuary)
  A felid zombie (Crypt:2)
  A deep dwarf skeleton (Crypt:2)
  A hound skeleton (D:9)
  5 mummies
  A worker ant zombie (D:6)
  16 gnolls
  5 scorpion zombies (Ossuary)
  8 adders
  4 shadow imps
  9 white imps (IceCv)
  4 ufetubi (IceCv)
  An ooze (D:3)
  2 adder zombies
  2 worms
  2 dart slugs (D:1)
  5 leopard geckos
  21 orcs
  A ball python (D:3)
  9 bats
  A bat skeleton (Crypt:1)
  5 giant cockroaches
  8 goblins
  9 hobgoblins
  15 jackals
  7 kobolds
  5 quokkas
  6 frilled lizards
  A hobgoblin zombie (Ossuary)
  3 kobold zombies (Ossuary)
  A leopard gecko skeleton (D:4)
  2 orc zombies (Ossuary)
  A quokka zombie (D:7)
  7 rats
  3 crawling corpses (Elf:3)
  4 tentacles
1413 creatures vanquished.

Vanquished Creatures (collateral kills)
  Khufu (Crypt:2)
  A greater mummy (Crypt:2)
  Jory (Vaults:2)
  A bone dragon (Crypt:3)
  A lich (Vaults:4)
  A deep elf blademaster (Elf:3)
  An ancient champion (Crypt:3)
  A kraken (Shoals:2)
  2 nagarajas (Snake:4)
  2 frost giants
  A vault warden (Vaults:4)
  4 ironheart preservers
  A ghoul (Crypt:3)
  A very ugly thing (Vaults:4)
  4 vampire knights
  A war gargoyle (Vaults:3)
  2 stone giants (Vaults:2)
  A deep elf demonologist (Vaults:3)
  3 deep elf annihilators (Elf:3)
  A merfolk javelineer (Shoals:4)
  A merfolk impaler (Shoals:4)
  An eidolon (Crypt:1)
  A fire dragon (D:15)
  A great orb of eyes (Vaults:3)
  3 deep elf high priests (Elf:3)
  2 ogre magi
  8 jiangshi
  2 naga warriors
  An ice dragon (Vaults:2)
  A vault guard (Vaults:4)
  5 anacondas (Snake:4)
  A hydra (D:15)
  A merfolk aquamancer (Shoals:4)
  An alligator snapping turtle (Shoals:4)
  A dancing weapon (Elf:2)
  2 merfolk avatars (Shoals:4)
  A catoblepas (Shoals:2)
  A centaur warrior (Vaults:4)
  14 two-headed ogres
  8 death knights
  A death yak (Shoals:2)
  4 naga sharpshooters (Snake:4)
  A fire crab (shapeshifter) (Vaults:4)
  3 deep elf knights
  5 sea snakes
  12 skeletal warriors
  2 salamander mystics (Snake:4)
  A wizard (Vaults:3)
  An unseen horror (D:15)
  A flayed ghost (Crypt:3)
  A naga ritualist (Snake:3)
  4 deep trolls
  A lindwurm (Snake:4)
  3 phantasmal warriors
  A harpy (Shoals:3)
  4 deep elf archers
  4 ironbrand convokers
  6 deep elf magi
  3 mana vipers (Snake:4)
  2 necromancers
  5 orc knights
  A shadow dragon skeleton (Crypt:2)
  2 stone giant zombies (D:15)
  An orc sorcerer (Orc:2)
  8 ugly things
  2 manticores
  A salamander (shapeshifter) (D:15)
  4 cyclopes
  2 merfolk sirens (Shoals:3)
  A fire giant skeleton (Vaults:1)
  6 black mambas
  6 vault sentinels
  A guardian serpent (Snake:4)
  2 centaur zombies (D:14)
  A spiny frog (Lair:6)
  4 naga magi
  A rime drake (Lair:5)
  A gargoyle (D:14)
  A dire elephant skeleton (Crypt:3)
  3 komodo dragons
  A centaur skeleton (D:14)
  8 yaktaurs
  2 freezing wraiths
  A rime drake (shapeshifter) (D:13)
  A yaktaur skeleton (D:15)
  3 guardian mummies (Crypt:3)
  10 merfolk
  A troll (Vaults:3)
  A wind drake (Lair:3)
  11 slime creatures
  A blink frog (Lair:5)
  4 dream sheep
  A snapping turtle (Shoals:4)
  2 redbacks (Vaults:4)
  A redback (shapeshifter) (Vaults:3)
  21 flying skulls (Crypt:3)
  An ice dragon zombie (D:15)
  A spriggan (shapeshifter) (Elf:1)
  2 water elementals
  7 wraiths
  5 yaks
  A wyvern (Lair:6)
  A hungry ghost (D:14)
  A basilisk (Lair:5)
  3 shadows
  A vampire mosquito (D:15)
  A fire bat (Elf:1)
  7 nagas
  A floating eye (shapeshifter) (D:13)
  3 orc warriors
  A hornet zombie (Crypt:1)
  3 necrophages (Crypt:3)
  4 ogres
  A boggart (Vaults:2)
  2 centaurs
  2 bullfrogs
  A spiny frog simulacrum (Crypt:3)
  A wyvern skeleton (D:14)
  A scorpion (D:14)
  A yak skeleton (Crypt:1)
  2 crimson imps
  A worker ant (D:14)
  An ogre skeleton (Crypt:2)
  A shadow imp (D:13)
  A giant cockroach zombie (Crypt:2)
  A river rat skeleton (Crypt:2)
  A crawling corpse (Elf:3)
  3 plants
332 creatures vanquished.

Vanquished Creatures (others)
  An orc warlord (Crypt:3)
  A reaper (IceCv)
  11 orc knights
  An orc high priest (Shoals:3)
  2 orc sorcerers
  A merfolk siren (Shoals:4)
  A naga mage (Snake:4)
  2 yaktaurs (Vaults:2)
  2 dream sheep (Shoals:4)
  A naga (Snake:4)
  A water moccasin (Lair:1)
  7 orc warriors
  A boggart (Vaults:2)
  2 ogres (Vaults:4)
  2 scorpions
  12 orc priests
  13 orc wizards
  A bullfrog skeleton (D:5)
  A hound skeleton (D:5)
  2 white imps (IceCv)
  7 ufetubi (IceCv)
  28 orcs
  8 fungi
  23 plants
  17 tentacles
  A withered plant (D:15)
149 creatures vanquished.

Grand Total: 1894 creatures vanquished

Notes
Turn   | Place    | Note
-------+----------+-------------------------------------------
     0 | D:1      | Jannitor the Hill Orc Enchanter began the quest for the Orb.
     0 | D:1      | Reached XP level 1. HP: 14/14 MP: 3/3
    95 | D:1      | Reached skill level 1 in Fighting
    96 | D:1      | Reached skill level 1 in Armour
   206 | D:1      | Reached XP level 2. HP: 22/23 MP: 4/4
   376 | D:1      | Reached skill level 2 in Fighting
   523 | D:1      | Reached XP level 3. HP: 25/29 MP: 5/5
  1364 | D:2      | Found a bloodstained altar of Trog.
  1647 | D:2      | Reached skill level 3 in Fighting
  1647 | D:2      | Reached XP level 4. HP: 22/38 MP: 6/6
  1856 | D:2      | Found a faded altar of an unknown god.
  3000 | D:3      | Found a stormy altar of Qazlal.
  3010 | D:3      | Found an ornate altar of the Wu Jian Council.
  3010 | D:3      | Found a blossoming altar of Fedhas.
  3362 | D:3      | Reached skill level 1 in Maces & Flails
  3593 | D:3      | Reached XP level 5. HP: 32/45 MP: 7/7
  4344 | D:4      | Reached skill level 4 in Fighting
  4344 | D:4      | Reached XP level 6. HP: 27/52 MP: 8/8
  4584 | D:4      | Found a hazy altar of Hepliaklqana.
  4841 | D:5      | Entered Level 5 of the Dungeon
  4853 | D:5      | Noticed a sky beast
  4857 | D:5      | Killed a sky beast
  4857 | D:5      | Reached skill level 5 in Fighting
  4889 | D:5      | Reached XP level 7. HP: 17/61 MP: 9/9
  4958 | D:5      | Reached skill level 5 in Armour
  5101 | D:5      | Found a sand-covered staircase.
  5109 | Ossuary  | Entered an ossuary
  5731 | Ossuary  | Reached skill level 6 in Fighting
  5991 | Ossuary  | Reached XP level 8. HP: 63/70 MP: 10/10
  6140 | Ossuary  | Reached skill level 5 in Maces & Flails
  6169 | Ossuary  | HP: 4/106 [mummy (16)]
  6553 | Ossuary  | Reached skill level 7 in Fighting
  7392 | D:5      | Became a worshipper of Beogh the Brigand
  7565 | D:5      | Gained mutation: Your spells are a little easier to cast, but a little less powerful. [potion of mutation]
  7565 | D:5      | Gained mutation: You are resistant to electric shocks. (rElec) [potion of mutation]
  7665 | D:5      | Found a deep blue altar of Sif Muna.
  8252 | D:6      | Reached XP level 9. HP: 73/81 MP: 11/11
  8398 | D:6      | Reached skill level 8 in Fighting
  8417 | D:6      | Found a staircase to the Ecumenical Temple.
  8591 | D:6      | Found a sparkling altar of Nemelex Xobeh.
  8804 | D:7      | Noticed Pikel
  9145 | D:7      | Reached * piety under Beogh
  9719 | D:7      | Killed Pikel
  9719 | D:7      | Reached skill level 9 in Fighting
 10692 | D:7      | Reached XP level 10. HP: 71/92 MP: 12/12
 11125 | D:8      | Reached skill level 10 in Fighting
 11159 | D:8      | Reached ** piety under Beogh
 12197 | D:7      | Found a shimmering altar of Xom.
 12352 | D:9      | Found a staircase to the Orcish Mines.
 12929 | D:9      | Found a glowing silver altar of Zin.
 12930 | D:9      | Found an iron altar of Okawaru.
 13277 | D:9      | Reached skill level 10 in Armour
 13503 | D:9      | Noticed a death knight
 13503 | D:9      | Noticed a gargoyle
 13504 | D:9      | Noticed a deep elf mage
 13504 | D:9      | Noticed a two-headed ogre
 13505 | D:9      | Noticed a manticore
 13650 | D:10     | Entered Level 10 of the Dungeon
 13650 | D:10     | Noticed a two-headed ogre
 13666 | D:9      | Killed a two-headed ogre
 13666 | D:9      | Reached skill level 11 in Fighting
 13681 | D:9      | Reached *** piety under Beogh
 13681 | D:9      | Reached XP level 11. HP: 94/102 MP: 13/13
 13848 | D:9      | Reached skill level 10 in Maces & Flails
 15625 | D:10     | Reached skill level 12 in Fighting
 15969 | D:10     | Found Xuff's Jewellery Emporium.
 16069 | D:11     | Found a staircase to the Lair.
 16219 | D:11     | Noticed a two-headed ogre
 16235 | D:11     | Killed a two-headed ogre
 16254 | D:11     | Found a frozen archway.
 16260 | IceCv    | Entered an ice cave
 16359 | IceCv    | Killed a reaper
 18272 | IceCv    | Reached skill level 1 in Invocations
 19037 | IceCv    | Reached **** piety under Beogh
 19930 | D:11     | Reached skill level 1 in Shields
 19997 | D:11     | Reached XP level 12. HP: 92/113 MP: 14/14
 20609 | D:12     | Noticed Frances
 20620 | D:12     | Gained mutation: You tend to lose your temper in combat. [a neqoxec]
 20623 | D:12     | Killed Frances
 20791 | D:12     | Found a labyrinth entrance.
 20802 | Lab      | Entered a labyrinth
 21349 | Lab      | Noticed a minotaur
 21359 | Lab      | Got a polished eveningstar
 21360 | Lab      | HP: 2/113 [minotaur/encrusted great sword {drain} (6)]
 21757 | D:11     | Identified the +8 eveningstar of Innocence {protect, rF+} (You found it in a labyrinth)
 21787 | Lair:1   | Entered Level 1 of the Lair of Beasts
 22195 | Lair:1   | Reached skill level 5 in Invocations
 22736 | Lair:1   | Reached skill level 5 in Shields
 23297 | Lair:2   | Reached skill level 13 in Fighting
 23722 | Lair:2   | Noticed an eight-headed hydra
 23736 | Lair:2   | Killed an eight-headed hydra
 24276 | Lair:3   | Noticed a five-headed hydra
 24285 | Lair:3   | Killed a five-headed hydra
 24285 | Lair:3   | Reached XP level 13. HP: 101/122 MP: 17/17
 24373 | Lair:3   | Found a staircase to the Snake Pit.
 25045 | Lair:3   | Noticed Fannar
 25066 | Lair:3   | Killed Fannar
 25286 | Lair:3   | Found a staircase to the Shoals.
 25652 | Lair:4   | Reached skill level 5 in Dodging
 25991 | Lair:4   | Got a steaming plate armour
 25992 | Lair:4   | Identified the +3 plate armour of Inoq {*Corrode Int+3 SInv} (You found it on level 4 of the Lair of Beasts)
 26297 | Lair:4   | Found the +8 whip "Snakebite" {curare, rPois}
 26729 | Lair:5   | Found a dark tunnel.
 26750 | Volcano  | Entered a volcano
 27058 | Volcano  | Found a burning altar of Makhleb.
 27171 | Lair:5   | Reached XP level 14. HP: 128/130 MP: 20/20
 27690 | Lair:5   | Found a staircase to the Slime Pits.
 27702 | Lair:5   | Reached ***** piety under Beogh
 27702 | Lair:5   | Reached XP level 15. HP: 123/137 MP: 21/21
 27748 | Lair:5   | Reached skill level 14 in Fighting
 28008 | Lair:6   | Entered Level 6 of the Lair of Beasts
 29151 | Lair:6   | Gained Garbold as an ally
 30374 | D:12     | Your ally Garbold died
 30987 | D:13     | Noticed a frost giant
 30987 | D:13     | Noticed a tengu reaver
 30994 | D:13     | Found a gate to the Vaults.
 31001 | D:13     | Noticed Maurice
 31051 | D:13     | Killed Maurice
 31066 | D:13     | Killed a tengu reaver
 31552 | D:13     | Reached skill level 10 in Invocations
 31960 | D:9      | Got a sparkling lead ring
 32126 | D:9      | Got a scintillating steel ring
 32135 | D:9      | Got a bound steel amulet
 32136 | D:9      | Identified the amulet "Mufyasac" {Inacc *Contam rPois Dex+4 SInv} (You found it on level 9 of the Dungeon)
 32139 | D:9      | Identified the ring of Osuozxah {rCorr rElec rC+ MR+ Int+2} (You took it off a deep elf mage on level 9 of the Dungeon)
 32141 | D:9      | Identified the ring "Fockeggudd" {+Inv Stlth+} (You found it on level 9 of the Dungeon)
 32885 | D:12     | Got a faintly glowing bone amulet
 32897 | D:12     | Identified the amulet of Ziadiuc {Harm *Drain MR+} (You took it off a minotaur on level 12 of the Dungeon)
 33099 | Snake:1  | Entered Level 1 of the Snake Pit
 33099 | Snake:1  | Noticed a nagaraja
 33120 | Lair:3   | Killed a nagaraja
 33704 | Snake:1  | Noticed Donald
 34645 | Snake:1  | Found Daijit's Distillery.
 34748 | Snake:1  | Bought a potion of heal wounds for 55 gold pieces
 34748 | Snake:1  | Bought a potion of haste for 110 gold pieces
 34748 | Snake:1  | Bought a potion of heal wounds for 55 gold pieces
 34748 | Snake:1  | Bought a potion of agility for 44 gold pieces
 34748 | Snake:1  | Bought a potion of mutation for 88 gold pieces
 34748 | Snake:1  | Bought a potion of heal wounds for 55 gold pieces
 34901 | Snake:1  | Found Jeac Tuo's Gadget Shoppe.
 34902 | Snake:1  | Noticed Aizul
 34924 | Snake:1  | Killed Aizul
 34924 | Snake:1  | Reached XP level 16. HP: 104/147 MP: 23/23
 34939 | Snake:1  | Reached skill level 15 in Fighting
 35292 | Snake:1  | Found Lypeffi's Antique Armour Shop.
 35297 | Snake:1  | Bought a pair of runed gloves for 210 gold pieces
 35297 | Snake:1  | Bought a pair of glowing boots for 210 gold pieces
 35336 | Snake:1  | Found Naem's Food Emporium.
 35336 | Snake:1  | Noticed Asterion
 35361 | Snake:1  | Killed Asterion
 35534 | Snake:1  | Got an ancient scale mail
 35540 | Snake:1  | Found Ceicatuc's Assorted Antiques.
 35670 | Snake:1  | Bought a runed hat for 252 gold pieces
 36707 | Snake:1  | Lost mutation: You are resistant to electric shocks. (rElec) [potion of mutation]
 36707 | Snake:1  | Lost mutation: You tend to lose your temper in combat. [potion of mutation]
 36707 | Snake:1  | Lost mutation: Your spells are a little easier to cast, but a little less powerful. [potion of mutation]
 36707 | Snake:1  | Gained mutation: You are agile. (Dex +2) [potion of mutation]
 36707 | Snake:1  | Gained mutation: You are weak. (Str -2) [potion of mutation]
 36707 | Snake:1  | Gained mutation: You are very agile. (Dex +4) [potion of mutation]
 37117 | Snake:2  | Noticed Vashnia
 38845 | Snake:2  | Noticed a nagaraja
 38865 | Snake:2  | Killed a nagaraja
 39451 | Snake:2  | Killed Vashnia
 39903 | Snake:3  | Reached ****** piety under Beogh
 40162 | Lair:3   | Killed Donald
 40162 | Lair:3   | Reached skill level 15 in Shields
 40392 | Orc:1    | Entered Level 1 of the Orcish Mines
 41045 | D:13     | Noticed Sonja
 41050 | D:13     | Killed Sonja
 41062 | D:13     | Reached XP level 17. HP: 143/158 MP: 20/26
 41072 | D:13     | Gained Warbeogh as an ally
 41206 | D:13     | Identified the +1 scale mail "Ahoan" {+Blink +Inv rPois rN++} (You found it on level 1 of the Snake Pit)
 41469 | D:13     | Paralysed by a floating eye for 2 turns
 41946 | D:14     | Noticed Josephine
 41958 | D:14     | Killed Josephine
 42233 | D:14     | Reached skill level 16 in Fighting
 42295 | D:14     | Gained Borgoth as an ally
 42540 | D:14     | Found a glowing silver altar of Zin.
 42683 | D:15     | Entered Level 15 of the Dungeon
 43060 | D:15     | Found a staircase to the Depths.
 43537 | D:15     | Reached skill level 15 in Armour
 44857 | Snake:3  | Your ally Warbeogh died
 46203 | Snake:4  | Entered Level 4 of the Snake Pit
 46685 | Snake:4  | Reached skill level 1 in Evocations
 46877 | Snake:4  | Reached XP level 18. HP: 150/168 MP: 27/27
 47255 | Snake:4  | Gained Bogbarth as an ally
 48047 | Snake:4  | Learned a level 2 spell: Blink
 48069 | Snake:4  | Identified a +2 pair of boots of running (You found it on level 4 of the Snake Pit)
 50903 | Snake:4  | Reached skill level 17 in Fighting
 51514 | Snake:4  | Got a serpentine rune of Zot
 51887 | Shoals:1 | Entered Level 1 of the Shoals
 51969 | Lair:3   | Reached skill level 15 in Maces & Flails
 52532 | Shoals:1 | Reached XP level 19. HP: 87/177 MP: 29/29
 53087 | Shoals:1 | Gained Wargrak as an ally
 53691 | Shoals:2 | Your ally Wargrak died
 53777 | Shoals:2 | Reached skill level 5 in Evocations
 55028 | Shoals:3 | Noticed Mara
 55032 | Shoals:3 | Noticed Jannitor's illusion
 55065 | Shoals:3 | Gained Agrik as an ally
 55069 | Shoals:3 | Your ally Agrik died
 55257 | Shoals:2 | Noticed Polyphemus
 55267 | Shoals:2 | Killed Polyphemus
 56646 | Shoals:4 | Entered Level 4 of the Shoals
 56876 | Shoals:4 | Gained Wargath as an ally
 56897 | Shoals:4 | Reached skill level 15 in Invocations
 57378 | Shoals:4 | Noticed Nikola
 57391 | Shoals:4 | Your ally Wargath died
 57393 | Shoals:4 | Killed Nikola
 57405 | Shoals:4 | Gained Morbeogh as an ally
 57555 | Shoals:3 | Killed Mara
 58153 | Shoals:4 | Noticed Ilsuiw
 58214 | Shoals:4 | Killed Ilsuiw
 58407 | Shoals:4 | Reached XP level 20. HP: 139/187 MP: 31/31
 59114 | Orc:1    | Found a roughly hewn altar of Beogh.
 59446 | Orc:2    | Entered Level 2 of the Orcish Mines
 59447 | Orc:2    | Found a staircase to the Elven Halls.
 59621 | Orc:2    | Found Lukoix's Armour Shoppe.
 59665 | Orc:2    | Gained mutation: You have a pair of small antennae on your head. [a neqoxec]
 59694 | Orc:2    | Gained Horkud as an ally
 59708 | Orc:2    | Found Sihikaes's Weapon Shoppe.
 59711 | Orc:2    | Found Ralower's Food Shop.
 59712 | Orc:2    | Found Jinang's Food Shop.
 59988 | Orc:2    | Gained Milork as an ally
 60567 | Vaults:1 | Entered Level 1 of the Vaults
 60793 | Vaults:1 | Gained Gorbash as an ally
 61545 | Vaults:1 | Reached skill level 18 in Fighting
 62089 | Vaults:1 | Gained Boldo as an ally
 63152 | Vaults:2 | Noticed Jory
 63160 | Vaults:2 | Killed Jory
 63571 | Vaults:1 | Found Diceitroto's Assorted Antiques.
 63588 | Vaults:1 | Bought a scroll of enchant weapon for 285 gold pieces
 63588 | Vaults:1 | Bought a potion of might for 152 gold pieces
 63588 | Vaults:1 | Bought a scroll of enchant weapon for 285 gold pieces
 63588 | Vaults:1 | Bought a scroll of teleportation for 114 gold pieces
 63754 | Vaults:2 | Gained Blodwig as an ally
 64530 | Vaults:2 | Gained Bogfrid as an ally
 64608 | Vaults:2 | Reached XP level 21. HP: 189/195 MP: 33/33
 64609 | Vaults:2 | Found Kautt's General Store.
 64792 | Vaults:2 | Your ally Blodwig died
 64798 | Vaults:2 | Your ally Bogfrid died
 67387 | Vaults:3 | Found a staircase to the Crypt.
 68189 | Vaults:4 | Got a scorched copper ring
 68190 | Vaults:4 | Identified the ring of the Iron Devil {rCorr Int+2 Dex-5 Slay+2} (You found it on level 4 of the Vaults)
 68267 | Vaults:4 | Reached skill level 19 in Fighting
 68278 | Vaults:4 | Reached skill level 1 in Translocations
 68728 | Vaults:4 | Gained Olfik as an ally
 70006 | Elf:1    | Entered Level 1 of the Elven Halls
 70650 | Elf:1    | Found Naunisiu's Gadget Emporium.
 70650 | Elf:1    | Found Zykhlat's Jewellery Boutique.
 70651 | Elf:1    | Found Moiziplu's Jewellery Boutique.
 70842 | Elf:1    | Noticed Kohma's ghost (journeyman VSAs)
 70851 | Elf:1    | Killed Kohma's ghost
 70851 | Elf:1    | Gained Korbok as an ally
 70852 | Elf:1    | Reached XP level 22. HP: 203/206 MP: 34/34
 71870 | Elf:2    | Found a runed gate.
 71872 | Elf:2    | Found a runed gate.
 71875 | Elf:2    | Found a runed gate.
 72094 | Elf:2    | Identified the Tome of Plaster Cramp
 73936 | Elf:3    | Entered Level 3 of the Elven Halls
 74234 | Elf:3    | Found Subagall's Antique Weapon Boutique.
 74583 | Elf:3    | Bought a bardiche for 252 gold pieces
 75628 | Elf:3    | Identified a scroll of acquirement
 75825 | Elf:3    | Reached skill level 5 in Translocations
 76564 | Elf:3    | Your ally Milork died
 76593 | Elf:3    | Reached skill level 20 in Fighting
 76832 | Elf:3    | Identified the cursed +0 pair of boots "Nanay" {rPois rF+} (You found it on level 3 of the Elven Halls)
 76968 | Elf:2    | Identified the Handbook of Sand
 78683 | Shoals:4 | Got a glittering granite ring
 79205 | Shoals:4 | Got a barnacled rune of Zot
 79839 | Crypt:1  | Entered Level 1 of the Crypt
 80302 | Crypt:1  | Reached XP level 23. HP: 61/216 MP: 36/36
 80302 | Crypt:1  | Gained Koronagh as an ally
 80721 | Crypt:1  | Noticed Sojobo
 80742 | Crypt:1  | Killed Sojobo
 81234 | Crypt:1  | Noticed Bai Suzhen
 81253 | Crypt:1  | Killed Bai Suzhen
 81539 | Crypt:1  | Noticed Mennas
 81580 | Crypt:1  | Killed Mennas
 82415 | Crypt:2  | Noticed Khufu
 82415 | Crypt:2  | Noticed a greater mummy
 82428 | Crypt:2  | Killed Khufu
 82437 | Crypt:2  | Killed a greater mummy
 82855 | Crypt:2  | Reached skill level 10 in Dodging
 83408 | Crypt:3  | Entered Level 3 of the Crypt
 83414 | Crypt:3  | Reached skill level 21 in Fighting
 83643 | Crypt:3  | Found a basalt altar of Yredelemnul.
 84197 | Crypt:3  | Found the cursed +13 scythe of Curses {drain, *Curse}
 84526 | Crypt:3  | Your ally Bogfrid died
 84527 | Crypt:3  | HP: 10/221 [mummy priest/divine providence (19)]
 84534 | Crypt:3  | Killed by a guardian mummy's death curse

Skill      XL: |  1  2  3  4  5  6  7  8  9 10 11 12 13 14 15 16 17 18 19 20 21 22 23 |
---------------+----------------------------------------------------------------------+-----
Fighting       | 1 2 3 4 5 6 7 9 11 12 13 14 15 16 17 18 19 20 21 | 21.4
Armour         | 1 2 3 4 5 7 8 10 11 12 13 14 15 16 17 18 19 | 19.3
Maces & Flails | 1 2 3 4 6 8 9 11 12 13 14 15 16 | 16.0
Dodging        | 3 4 5 6 8 9 10 | 10.4
Invocations    | 3 6 8 10 12 13 14 15 16 17 18 19 | 19.5
Shields        | 1 6 11 13 15 16 17 18 | 18.8
Evocations     | 1 4 6 8 9 |  9.3
Translocations | 3 5 6 |  6.8
Spellcasting   | 2 |  2.9
Short Blades   | |  1.0
Stealth        | |  2.4
Hexes          | |  3.0

Action                   |  1- 3 |  4- 6 |  7- 9 | 10-12 | 13-15 | 16-18 | 19-21 | 22-24 || total
-------------------------+-------+-------+-------+-------+-------+-------+-------+-------++-------
Melee: Dagger            |   213 |   255 |     4 |       |       |       |       |       ||   472
       Flail             |       |       |   408 |       |       |       |       |       ||   408
       Dire flail        |       |       |   141 |   487 |       |       |       |       ||   628
       Whip              |       |       |   127 |   306 |   542 |    11 |       |       ||   986
       Demon whip        |       |       |       |   124 |   184 |  1893 |       |       ||  2201
       Eveningstar       |       |       |       |   151 |   330 |    98 |  1767 |  1034 ||  3380
Invok: Convert to Beogh  |       |       |     1 |       |       |       |       |       ||     1
       Smiting           |       |       |       |    15 |     2 |    23 |    18 |    19 ||    77
       Recall Orcish Fol |       |       |       |       |     1 |     6 |     7 |     5 ||    19
       Give Item to Name |       |       |       |       |       |     1 |     5 |     4 ||    10
       Resurrection      |       |       |       |       |       |     1 |     2 |     1 ||     4
       Stop Recall       |       |       |       |       |       |       |       |     5 ||     5
Evoke: Wand              |       |     7 |     2 |     8 |     9 |     2 |    10 |     5 ||    43
       Lamp of fire      |       |       |       |       |     1 |     2 |     1 |       ||     4
       Sack of spiders   |       |       |       |       |       |       |       |     3 ||     3
  Use: Potion            |       |     2 |    19 |    12 |     5 |     3 |     3 |    10 ||    54
       Scroll            |       |       |    16 |    12 |    15 |     6 |     7 |    18 ||    74
 Stab: Sleeping          |     3 |     2 |       |     1 |       |       |       |       ||     6
       Invisible         |       |     1 |       |       |       |       |       |       ||     1
       Distracted        |       |       |       |       |     3 |    12 |    10 |     6 ||    31
       Paralysed         |       |       |       |       |     4 |       |     3 |       ||     7
       Confused          |       |       |       |       |       |       |     5 |       ||     5
  Eat: Chunk             |     2 |     8 |     8 |    24 |    16 |    18 |    17 |     9 ||   102
       Ration            |       |     1 |     3 |     7 |     6 |    11 |    12 |    10 ||    50
Armor: Robe              |     8 |       |       |       |       |       |       |       ||     8
       Ring mail         |    67 |    85 |   213 |   260 |       |       |       |       ||   625
       Skin              |       |       |    27 |    80 |       |       |       |       ||   107
       Scale mail        |       |       |       |    97 |   264 |       |       |       ||   361
       Plate armour      |       |       |       |       |   105 |   712 |   761 |   463 ||  2041
Dodge: Dodged            |   120 |   141 |   305 |   431 |   250 |   425 |   358 |   251 ||  2281
Block: Shield            |       |       |       |   105 |   433 |  1084 |  1122 |   663 ||  3407
       Reflection        |       |       |       |       |       |       |    46 |       ||    46
